 Dungeon Sprint DCSS version 0.27-a0-1219-g958d993ae5 (webtiles) character file.

Game seed: 1039656831176544525

4876 mhtbhm the Severer (level 10, -2/105 HPs)
             Began as a Minotaur Berserker on June 6, 2021.
             Was the Champion of Trog.
             Succumbed to a naga warrior's poison
             ... in the Dungeon (Sprint VII: "The Pits").
             The game lasted 00:02:37 (1193 turns).

mhtbhm the Severer (Minotaur Berserker)             Turns: 1193, Time: 00:02:37

Health: -2/105     AC: 18    Str: 27    XL:     10   Next: 26%
Magic:  9/9        EV: 15    Int:  4    God:    Trog [******]
Gold:   0          SH:  0    Dex: 11    Spells: 9/9 levels left

rFire    . . .     SeeInvis .   a - +1 broad axe (vorpal)
rCold    . . .     Faith    .   (no shield)
rNeg     . . .     Spirit   .   b - +4 chain mail
rPois    .         Reflect  .   (helmet restricted)
rElec    .         Harm     .   n - +0 cloak
rCorr    .         Rampage  .   (no gloves)
Will     .....     NoTele   +   (no boots)
Stlth    ..........             (no amulet)
HPRegen  0.27/turn              k - +3 ring of evasion
MPRegen  0.11/turn              l - +3 ring of strength

@: lethally poisoned (-2 -> -34), on berserk cooldown, slowed, very slow
A: horns 2, retaliatory headbutt
a: Renounce Religion, Berserk, Trog's Hand, Brothers in Arms


You were in the Dungeon.
You worshipped Trog.
Trog was exalted by your worship.
You visited 1 branch

Inventory:

Hand Weapons
 a - a +1 vorpal broad axe (weapon)
Armour
 b - a +4 chain mail (worn)
 n - a +0 cloak (worn)
Jewellery
 k - a +3 ring of evasion (left hand)
 l - a +3 ring of strength (right hand)
Scrolls
 j - a scroll of summoning
Potions
 c - 5 potions of curing
 d - 10 potions of heal wounds
 e - 3 potions of haste
 f - 4 potions of magic
 g - 4 potions of berserk rage
 i - 2 potions of invisibility
 m - 2 potions of mutation


   Skills:
 + Level 15.0 Fighting
 + Level 17.8 Axes
 + Level 12.8 Armour
 + Level 9.0 Dodging
 + Level 3.0 Stealth


You had 9 spell levels left.
You didn't know any spells.
Your spell library was empty.

Dungeon Overview and Level Annotations

Branches:
Dungeon (1/1)

Altars:
Ashenzari
Cheibriados
Dithmenos
Elyvilon
Fedhas
Gozag
Hepliaklqana
Kikubaaqudgha
Makhleb
Nemelex Xobeh
Okawaru
Qazlal
Ru
Sif Muna
Trog
Uskayaw
Vehumet
Wu Jian
Xom
Yredelemnul
Zin
The Shining One
Beogh
Jiyva
Lugonu


Innate Abilities, Weirdness & Mutations

You have a pair of horns on your head.
You reflexively headbutt those who attack you in melee.


Message History

The komodo dragon is severely wounded.
You hit the swamp dragon.
You are no longer berserk.
You are exhausted.
You feel yourself slow down.
You feel very sick. The wind drake flaps its wings at you.
The air twists around and strikes you. The komodo dragon bites you!
The naga warrior hits you from afar with a +3 scythe of venom!!
You are lethally poisoned!
Unknown command.
Unknown command.
You swap places.
* * * LOW HITPOINT WARNING * * *
You feel extremely sick.
The swamp dragon bites your two-headed ogre.
The swamp dragon barely misses your two-headed ogre.
The swamp dragon tramples your two-headed ogre but does no damage.
Your two-headed ogre hits the swamp dragon with a +0 giant club!!!
Your two-headed ogre hits the swamp dragon with a +0 giant club!!
The swamp dragon dies!
Trog accepts your kill.
The swamp dragon scales are intact enough to wear.
The komodo dragon bites your two-headed ogre!
The naga warrior roars a battlecry!
The wind drake flaps its wings at you. The air twists around and strikes you!
* * * LOW HITPOINT WARNING * * *
The killer bee barely misses your two-headed ogre.
Your two-headed ogre hits the komodo dragon with a +0 giant club!
Your two-headed ogre hits the komodo dragon with a +0 giant club!!
The komodo dragon dies!
Trog accepts your kill.
Your Fighting skill increases to level 15!
Your Dodging skill increases to level 9!
Your Stealth skill increases to level 3!
A flayed ghost comes into view.
Blink to where?
Press: ? - help, Dir - move target
As you read the scroll of blinking, it crumbles to dust.
You die...

## ## #.# #.# #k# #|#
#W# #N# #Y# # #.#y#
#..#####O##########..#
##......)ยง......@.....#
##....................#
###########''##########
###########''######
##................#
##......#..#......#
##................+
.'................+
##......#..#......#


You could see a friendly two-headed ogre (summoned, berserk).

Vanquished Creatures
  A catoblepas (D)
  An elephant (D)
  A smoke demon (D)
  A shadow (D)
  An orc warrior (D)
  A swamp drake (D)
  An ice beast (D)
  2 ogres (D)
  A wolf (D)
  A scorpion (D)
  A killer bee (D)
  6 wights (D)
  An orc wizard (D)
  A worm (D)
  An orc (D)
  An endoplasm (D)
  3 giant cockroaches (D)
  2 goblins (D)
  A kobold (D)
  A quokka (D)
  2 ball pythons (D)
  A ball python zombie (D)
  A frilled lizard (D)
33 creatures vanquished.

Vanquished Creatures (collateral kills)
  A tentacled monstrosity (D)
  A draconian stormcaller (D)
  A naga sharpshooter (D)
  A swamp dragon (D)
  A komodo dragon (D)
  A red devil (D)
  A chaos spawn (D)
  A killer bee (D)
8 creatures vanquished.

Grand Total: 41 creatures vanquished

Notes
Turn   | Place    | Note
-------+----------+-------------------------------------------
     0 | D        | mhtbhm the Minotaur Berserker began the quest for the Orb.
     0 | D        | Reached XP level 1. HP: 19/19 MP: 0/0
    11 | D        | Noticed a black bear
    11 | D        | Noticed an elephant
    28 | D        | Reached skill level 4 in Axes
   101 | D        | Found a bloodstained altar of Trog.
   101 | D        | Found a shimmering blue altar of Sif Muna.
   101 | D        | Found a viscous altar of Jiyva.
   101 | D        | Found a hazy altar of Hepliaklqana.
   101 | D        | Found an opulent altar of Gozag.
   102 | D        | Found a glowing golden altar of the Shining One.
   102 | D        | Found a glowing silver altar of Zin.
   102 | D        | Found a basalt altar of Yredelemnul.
   102 | D        | Found a shimmering altar of Xom.
   102 | D        | Found an ornate altar of the Wu Jian Council.
   102 | D        | Found a sacrificial altar of Ru.
   102 | D        | Found a stormy altar of Qazlal.
   102 | D        | Found an iron altar of Okawaru.
   102 | D        | Found a sparkling altar of Nemelex Xobeh.
   102 | D        | Found a burning altar of Makhleb.
   102 | D        | Found a blossoming altar of Fedhas.
   102 | D        | Found a white marble altar of Elyvilon.
   102 | D        | Found a shadowy altar of Dithmenos.
   102 | D        | Found a snail-covered altar of Cheibriados.
   104 | D        | Found a radiant altar of Vehumet.
   104 | D        | Found a corrupted altar of Lugonu.
   105 | D        | Found a hide-covered altar of Uskayaw.
   105 | D        | Found an ancient bone altar of Kikubaaqudgha.
   105 | D        | Found a broken altar of Ashenzari.
   155 | D        | Reached ** piety under Trog
   182 | D        | Noticed a scorpion
   185 | D        | Killed a scorpion
   186 | D        | Reached skill level 7 in Axes
   186 | D        | Reached XP level 2. HP: 31/31 MP: 1/1
   186 | D        | Reached XP level 3. HP: 38/38 MP: 2/2
   235 | D        | Reached *** piety under Trog
   241 | D        | Noticed an ice beast
   245 | D        | Reached XP level 4. HP: 45/45 MP: 3/3
   246 | D        | Killed an ice beast
   247 | D        | Reached skill level 9 in Axes
   247 | D        | Reached XP level 5. HP: 56/56 MP: 4/4
   369 | D        | Noticed an ogre
   369 | D        | Noticed a wolf
   369 | D        | Noticed an orc warrior
   370 | D        | Noticed an ogre
   374 | D        | Reached **** piety under Trog
   379 | D        | Killed an ogre
   380 | D        | Reached skill level 10 in Axes
   380 | D        | Reached skill level 5 in Dodging
   382 | D        | Killed a wolf
   383 | D        | Reached skill level 10 in Fighting
   383 | D        | Reached skill level 11 in Axes
   383 | D        | Reached skill level 5 in Armour
   383 | D        | Reached XP level 6. HP: 66/66 MP: 5/5
   383 | D        | Killed an orc warrior
   385 | D        | Reached ***** piety under Trog
   386 | D        | Reached skill level 12 in Axes
   386 | D        | Reached XP level 7. HP: 74/74 MP: 6/6
   622 | D        | Noticed an elephant
   632 | D        | Killed an elephant
   632 | D        | Received a gift from Trog
   633 | D        | Reached skill level 13 in Axes
   757 | D        | Noticed a red devil
   762 | D        | Reached skill level 14 in Axes
   762 | D        | Reached XP level 8. HP: 83/83 MP: 7/7
   778 | D        | Killed a red devil
  1168 | D        | Noticed an eye of devastation
  1168 | D        | Noticed a naga sharpshooter
  1168 | D        | Noticed a red draconian stormcaller
  1168 | D        | Noticed a troll
  1168 | D        | Noticed a smoke demon
  1169 | D        | Noticed a tentacled monstrosity
  1172 | D        | Noticed a swamp dragon
  1174 | D        | Noticed a death yak
  1174 | D        | Killed a tentacled monstrosity
  1175 | D        | Reached skill level 16 in Axes
  1175 | D        | Reached skill level 10 in Armour
  1175 | D        | Reached XP level 9. HP: 94/94 MP: 8/8
  1175 | D        | Noticed a catoblepas
  1177 | D        | Noticed a wind drake
  1178 | D        | Killed a naga sharpshooter
  1179 | D        | Killed a catoblepas
  1183 | D        | Killed a smoke demon
  1186 | D        | Killed a red draconian stormcaller
  1186 | D        | Received a gift from Trog
  1186 | D        | Reached ****** piety under Trog
  1187 | D        | Reached skill level 17 in Axes
  1187 | D        | Reached XP level 10. HP: 104/104 MP: 9/9
  1188 | D        | Noticed a naga warrior
  1192 | D        | Killed a swamp dragon
  1193 | D        | Reached skill level 15 in Fighting
  1193 | D        | Noticed a flayed ghost
  1193 | D        | Succumbed to a naga warrior's poison

Illustrated notes

Levels and vault maps discovered:
D:        pitsprint [storerooms_1, entrance_room_1, metal_vault_6, armoury_2,
          mini_pit_1, grid_room_1, main_hall_1, silver_pit, the_coven_3,
          the_vestibule_1, steel_vault_1, golden_pit, hallway_of_sentries,
          crystal_vault_1, iron_vault_1, final_vault]

Skill      XL: |  1  2  3  4  5  6  7  8  9 10 |
---------------+-------------------------------+-----
Fighting       | 6 8 10 11 12 13 14 15 | 15.0
Axes           | 7 9 11 12 14 16 17 | 17.8
Armour         | 3 4 5 7 10 12 | 12.8
Dodging        | 3 4 5 6 8 9 |  9.0
Stealth        | 2 3 |  3.0

Action                   |  1- 3 |  4- 6 |  7- 9 | 10-12 || total
-------------------------+-------+-------+-------+-------++-------
Melee: Hand axe          |    10 |    15 |    40 |       ||    65
       Headbutt          |       |     2 |    15 |       ||    17
       Broad axe         |       |       |     9 |     4 ||    13
Invok: Berserk           |     3 |     1 |     2 |       ||     6
       Brothers in Arms  |       |       |     3 |       ||     3
  Use: Potion            |       |       |     3 |       ||     3
       Scroll            |       |       |       |     1 ||     1
Armor: Scale mail        |       |     4 |    11 |       ||    15
       Chain mail        |       |       |     1 |     2 ||     3
Dodge: Dodged            |     7 |     9 |    19 |     4 ||    39

Table legend: (Time is in decaauts)
 A = Elapsed time spent in this place.
 B = Non-inter-level travel time spent in this place.
 C = Inter-level travel time spent in this place.
 D = Time resting spent in this place.
 E = Time spent auto-exploring this place.
 F = Levels seen in this place.
 G = Mean time per level.
                   A        B        C        D        E       F      G
               +--------+--------+--------+--------+--------+-----+--------+
         Total |   1213 |   1213 |      0 |    794 |     99 |   1 | 1213.0 |
       Dungeon |   1213 |   1213 |      0 |    794 |     99 |   1 | 1213.0 |
               +--------+--------+--------+--------+--------+-----+--------+

Top non-repeatable levels by time:
       D: 1213 daAuts
